 Dungeon Crawl Stone Soup version 0.30.0-5-g1a98f26d00 (webtiles) character file.

Game seed: 4955138650106431290

276 Darkkill the Shooter (level 6, -2/53 HPs)
             Began as a Minotaur Hunter on May 12, 2023.
             Slain by a black bear (5 damage)
             ... on level 4 of the Dungeon.
             The game lasted 00:06:03 (2189 turns).

Darkkill the Shooter (Minotaur Hunter)              Turns: 2189, Time: 00:06:03

Health: -2/53      AC:  5    Str: 15    XL:     6   Next: 4%
Magic:  5/5        EV: 13    Int:  6    God:
Gold:   139        SH:  0    Dex: 16    Spells: 5/5 levels left

rFire   . . .        a - +0 shortbow
rCold   . . .        (shield currently unavailable)
rNeg    . . .        c - +0 leather armour
rPois   .            (helmet restricted)
rElec   .            h - +0 cloak
rCorr   .            n - +0 pair of gloves
SInv    .            (no boots)
Will    .....        e - amulet of regeneration
Stlth   ++           (no ring)
HPRegen 1.08/turn    (no ring)
MPRegen 0.09/turn

%: no passive effects
@: no status effects
A: horns 2, retaliatory headbutt
a: no special abilities


You were on level 4 of the Dungeon.
You visited 1 branch of the dungeon, and saw 4 of its levels.
You also visited: Sewer.

You collected 139 gold pieces.

Inventory:

Hand Weapons
 a - a +0 shortbow (weapon)
Missiles
 o - 24 poisoned darts
Armour
 c - a +0 leather armour (worn)
 h - a +0 cloak (worn)
 n - a +0 pair of gloves (worn)
Jewellery
 e - an amulet of regeneration (around neck)
Scrolls
 b - a scroll of immolation
 j - a scroll of blinking
Potions
 d - 2 potions of ambrosia
 f - 2 potions of mutation {unknown}
 g - a potion of resistance {unknown}
 i - 3 potions of might {unknown}
 k - 2 potions of curing {@q1}
 l - a potion of flight {unknown}
 m - 3 potions of magic {unknown}
 p - 3 potions of invisibility {unknown}
 q - 2 potions of heal wounds {unknown}
 s - a potion of haste {unknown}


   Skills:
 + Level 4.3 Fighting
 + Level 5.5 Ranged Weapons
 + Level 3.9 Dodging
 + Level 2.7 Stealth


You had 5 spell levels left.
You didn't know any spells.
Your spell library was empty.

Dungeon Overview and Level Annotations

Branches:
Dungeon (4/15)              Sewer (visited)
 Temple: D:4-7

Altars:
Cheibriados

Shops:
D:4 :


Innate Abilities, Weirdness & Mutations

You have a pair of horns on your head.
You reflexively headbutt those who attack you in melee.


Message History

The black bear claws you but does no damage.
The black bear bites you but does no damage.
The black bear closely misses you.
The black bear claws you but does no damage.
Fire: a) +0 shortbow
Press: ? - help, Q - select action, (/) - cycle Shift-Dir - straight line, f/p - black bear
Aim: a black bear (heavily wounded, 71% to hit)
You shoot an arrow. The arrow barely misses the black bear.
The black bear bites you. The black bear claws you.
The black bear closely misses you.
Fire: a) +0 shortbow
Press: ? - help, Q - select action, (/) - cycle Shift-Dir - straight line, f/p - black bear
Aim: a black bear (heavily wounded, 71% to hit)
You shoot an arrow. The arrow hits the black bear.
The black bear is severely wounded.
The black bear goes berserk!
Fire: a) +0 shortbow
Press: ? - help, Q - select action, (/) - cycle Shift-Dir - straight line, f/p - black bear
Aim: a black bear (severely wounded, berserk, 71% to hit)
You shoot an arrow.
The arrow closely misses the black bear.
The black bear barely misses you. x2; The black bear closely misses you.
The black bear bites you! The black bear claws you.
The black bear barely misses you.
Fire: a) +0 shortbow
Press: ? - help, Q - select action, (/) - cycle Shift-Dir - straight line, f/p - black bear
Aim: a black bear (severely wounded, berserk, 71% to hit)
You shoot an arrow. The arrow barely misses the black bear.
The black bear bites you.
The black bear claws you but does no damage.
The black bear barely misses you.
The black bear bites you but does no damage.
The black bear claws you but does no damage.
The black bear barely misses you.
Fire: a) +0 shortbow
Press: ? - help, Q - select action, (/) - cycle Shift-Dir - straight line, f/p - black bear
Aim: a black bear (severely wounded, berserk, 71% to hit)
You shoot an arrow. The arrow hits the black bear.
The black bear is severely wounded.
The black bear bites you! The black bear claws you. The black bear misses you.
The black bear bites you but does no damage.
The black bear misses you. x2
Fire: a) +0 shortbow
Press: ? - help, Q - select action, (/) - cycle Shift-Dir - straight line, f/p - black bear
Aim: a black bear (severely wounded, berserk, 71% to hit)
You shoot an arrow.
The arrow closely misses the black bear.
The black bear bites you but does no damage.
The black bear barely misses you.
The black bear claws you but does no damage.
The black bear misses you. The black bear claws you.
The black bear barely misses you.
Fire: a) +0 shortbow
Press: ? - help, Q - select action, (/) - cycle Shift-Dir - straight line, f/p - black bear
Aim: a black bear (severely wounded, berserk, 71% to hit)
You shoot an arrow. The arrow barely misses the black bear.
The black bear barely misses you. You furiously retaliate!
You headbutt the black bear! The black bear claws you.
The black bear barely misses you. The black bear closely misses you.
You furiously retaliate!
You headbutt the black bear. The black bear misses you.
The black bear claws you.
Fire: a) +0 shortbow
Press: ? - help, Q - select action, (/) - cycle Shift-Dir - straight line, f/p - black bear
Aim: a black bear (almost dead, berserk, 71% to hit)
You shoot an arrow. The arrow barely misses the black bear.
The black bear bites you! The black bear claws you.
The black bear claws you but does no damage.
The black bear bites you!
* * * LOW HITPOINT WARNING * * *
The black bear claws you but does no damage.
The black bear claws you.
* * * LOW HITPOINT WARNING * * *
Fire: a) +0 shortbow
Press: ? - help, Q - select action, (/) - cycle Shift-Dir - straight line, f/p - black bear
Aim: a black bear (almost dead, berserk, 71% to hit)
You shoot an arrow.
The arrow closely misses the black bear.
The black bear closely misses you. The black bear misses you.
The black bear closely misses you.
The black bear bites you but does no damage.
The black bear claws you but does no damage. x2
Fire: a) +0 shortbow
Press: ? - help, Q - select action, (/) - cycle Shift-Dir - straight line, f/p - black bear
Aim: a black bear (almost dead, berserk, 71% to hit)
You shoot an arrow.
The arrow closely misses the black bear.
The black bear bites you.
* * * LOW HITPOINT WARNING * * *
The black bear barely misses you. The black bear completely misses you.
Fire: a) +0 shortbow
Press: ? - help, Q - select action, (/) - cycle Shift-Dir - straight line, f/p - black bear
Aim: a black bear (almost dead, berserk, 71% to hit)
You shoot an arrow. The arrow hits the black bear.
The black bear is almost dead.
The black bear bites you.
* * * LOW HITPOINT WARNING * * *
The black bear misses you. x2; The black bear bites you.
* * * LOW HITPOINT WARNING * * *
The black bear claws you.
You die...

#########
#######........
##.......#######
########.#######[#
.........#.....#@#
...>.....#.∩.>.#.h......
.######..#.....#.####...
.###.....#######.#
........... ...
.###.##..... .#. .# #.
#.###.# . . ## # #.# .#
.# ## .. .


You could see a black bear (berserk).

Vanquished Creatures
  2 kobold brigands (Sewer)
  4 adders
  A worm (D:2)
  A dart slug (D:2)
  5 orcs (D:3)
  6 bats
  9 endoplasms
  7 giant cockroaches
  4 goblins
  4 hobgoblins
  4 jackals (D:3)
  15 kobolds
  3 quokkas
  10 ball pythons
  4 frilled lizards
  6 rats
85 creatures vanquished.

Notes
Turn   | Place    | Note
-------+----------+-------------------------------------------
     0 | D:1      | Darkkill the Minotaur Hunter began the quest for the Orb.
     0 | D:1      | Reached XP level 1. HP: 18/18 MP: 0/0
   122 | D:1      | Reached skill level 1 in Stealth
   213 | D:1      | Reached XP level 2. HP: 25/25 MP: 1/1
   947 | D:2      | Reached XP level 3. HP: 31/31 MP: 2/2
  1457 | D:3      | Reached XP level 4. HP: 36/38 MP: 3/3
  1474 | D:3      | Reached skill level 5 in Ranged Weapons
  1517 | D:3      | Found a snail-covered altar of Cheibriados.
  1669 | D:3      | Found a glowing drain.
  1719 | Sewer    | Entered a sewer
  1729 | Sewer    | Noticed a kobold brigand
  1741 | Sewer    | Killed a kobold brigand
  1742 | Sewer    | Reached XP level 5. HP: 24/46 MP: 4/4
  1880 | Sewer    | Reached XP level 6. HP: 53/53 MP: 5/5
  2154 | D:4      | Found Yfrurph's Book Emporium.
  2186 | D:4      | HP: 9/53 [black bear (3)]
  2189 | D:4      | HP: 3/53 [black bear (2)]
  2189 | D:4      | Slain by a black bear

Illustrated notes

Levels and vault maps discovered:
D:1:      nzn_arrival_crosshair, layout_basic
D:2:      layout_basic, chequers_garden
D:3:      layout_rooms, nicolae_overflow_crystal_walls, portal_sewer_entry_f
D:4:      layout_loops_ring, minmay_temple_entry_enclosed_plants, serial_shops,
          nicolae_take_the_stairs, nicolae_ossuary_entry_catacombs,
          cheibrodos_gnoll_hut

Skill      XL: |  1  2  3  4 |
---------------+-------------+-----
Stealth        | 1 2 |  2.7
Fighting       | 3 4 |  4.3
Dodging        | 3 |  3.9
Ranged Weapons | 5 |  5.5

Action                     |  1- 3 |  4- 6 || total
---------------------------+-------+-------++-------
   Fire: Shortbow          |   109 |   128 ||   237
    Use: Scroll            |     4 |     3 ||     7
 Armour: Leather armour    |     9 |    37 ||    46
  Dodge: Dodged            |    24 |    81 ||   105

Levels and vault maps discovered:
D:1:      nzn_arrival_crosshair, layout_basic
D:2:      layout_basic, chequers_garden
D:3:      layout_rooms, nicolae_overflow_crystal_walls, portal_sewer_entry_f
D:4:      layout_loops_ring, minmay_temple_entry_enclosed_plants, serial_shops,
          nicolae_take_the_stairs, nicolae_ossuary_entry_catacombs,
          cheibrodos_gnoll_hut

Table legend: (Time is in decaauts)
 A = Elapsed time spent in this place.
 B = Non-inter-level travel time spent in this place.
 C = Inter-level travel time spent in this place.
 D = Time resting spent in this place.
 E = Time spent auto-exploring this place.
 F = Levels seen in this place.
 G = Mean time per level.
                   A        B        C        D        E       F      G
               +--------+--------+--------+--------+--------+-----+--------+
         Total |   2293 |   2229 |     64 |      3 |   1679 |   5 |  458.6 |
       Dungeon |   1950 |   1886 |     64 |      0 |   1519 |   4 |  487.5 |
         Sewer |    343 |    343 |      0 |      3 |    159 |   1 |  343.0 |
               +--------+--------+--------+--------+--------+-----+--------+

Top non-repeatable levels by time:
     D:1: 903 daAuts
     D:2: 548 daAuts
     D:3: 431 daAuts
   Sewer: 343 daAuts
     D:4: 67 daAuts

Table legend:
 A = Kills in this place as a percentage of kills in the entire game.
 B = Kills by you in this place as a percentage of kills by you in the entire game.
 C = Kills by friends in this place as a percentage of kills by friends in the entire game.
 D = Other kills in this place as a percentage of other kills in the entire game.
 E = Experience gained in this place as a percentage of experience gained in the entire game.
 F = Experience gained in this place divided by the number of levels of this place that you have seen.
                   A       B       C       D       E      F
               +-------+-------+-------+-------+-------+----------------------
         Total | 100.0 | 100.0 |   N/A |   N/A | 100.0 |  79.0
       Dungeon |  70.6 |  70.6 |   N/A |   N/A |  41.0 |  40.5
         Sewer |  29.4 |  29.4 |   N/A |   N/A |  59.0 | 233.0
               +-------+-------+-------+-------+-------+----------------------
